 Dungeon Crawl Stone Soup version 0.22.1-2-g9c5b331383 (webtiles) character file.

72 wont the Covered (level 4, -4/42 HPs)
             Began as a Deep Dwarf Fighter on Jan 1, 2019.
             Was an Initiate of Makhleb.
             Killed from afar by a starcursed mass (9 damage)
             ... with an accursed screaming
             ... on level 1 of the Abyss.
             The game lasted 00:02:15 (612 turns).

wont the Covered (Deep Dwarf Fighter)                Turns: 612, Time: 00:02:15

Health: -4/42      AC:  7    Str: 20    XL:     4   Next: 7%
Magic:  4/4        EV:  7    Int:  9    God:    Makhleb [......]
Gold:   121        SH:  9    Dex: 12    Spells: 3/3 levels left

rFire    . . .     SeeInvis .   a - +0 war axe
rCold    . . .     Gourm    .   c - +0 shield
rNeg     . . .     Faith    .   b - +0 scale mail
rPois    .         Spirit   .   (no helmet)
rElec    .         Reflect  .   (no cloak)
rCorr    .         Harm     .   (no gloves)
MR       .....                  (no boots)
Stlth    ..........             h - amulet of rage
HPRegen  0.00/turn              (no ring)
MPRegen  0.09/turn              (no ring)

@: non-regenerating
A: damage resistance, heal wounds, sense surroundings 1, no regeneration
a: Heal Wounds, Renounce Religion, Evoke Berserk Rage


You were on level 1 of the Abyss.
You worshipped Makhleb.
Makhleb was noncommittal.
You were not hungry.

You visited 1 branch of the dungeon, and saw 3 of its levels.
You visited the Abyss 1 time.

You collected 121 gold pieces.

Inventory:

Hand Weapons
 a - a +0 war axe (weapon)
Armour
 b - a +0 scale mail (worn)
 c - a +0 shield (worn)
 o - a cursed +0 plate armour
Jewellery
 h - an amulet of rage (around neck)
Wands
 j - a wand of digging (8)
Scrolls
 e - 3 scrolls of identify {unknown}
 g - a scroll of amnesia {unknown}
 k - a scroll of blinking {unknown}
 l - a scroll of fog {unknown}
 m - a scroll of random uselessness {unknown}
Potions
 d - a potion of might
 n - a potion of flight {unknown}
Comestibles
 f - 4 rations


   Skills:
 + Level 3.2 Fighting
 * Level 3.7 Axes
 + Level 3.8 Armour
 + Level 0.3 Dodging
 - Level 3.3 Shields


You had 3 spell levels left.
You didn't know any spells.
Your spell library was empty.

Dungeon Overview and Level Annotations

Branches:
Dungeon (3/15)

Altars:
Makhleb
Nemelex Xobeh
Qazlal


Innate Abilities, Weirdness & Mutations

You are resistant to damage.
You can heal yourself by infusing magical energy.
You passively map a small area around you.
You do not regenerate.


Message History

A large abomination comes into view.
Found a gateway leading deeper into the Abyss.
A small abomination comes into view.
All of the chunks of flesh in your inventory have rotted away.
You enter the shallow water.
Moving in this stuff is going to be slow.
Found 22 gold pieces.
A small abomination comes into view.
You see here 22 gold pieces.
You now have 121 gold pieces (gained 22).
Found 53 gold pieces.
Found a ration.
Found 10 poisoned needles.
The small abomination hits you!!
* * * LOW HITPOINT WARNING * * *
A starcursed mass splits.
A starcursed mass splits.
A starcursed mass splits.
A chorus of shrieks assaults your mind.
You die...

.####.... # ..# .
##...#....#..## . . .
#..##.#.#.. . . # ≈ #
....###.. ... .≈
#.#...#.# .##.# .#...
###.#####.### .#..
##...###(..## ...#.
#.....#.....#......
#......##..@...#
##......##x.....#.
..%................#
...........$..........
.......................
. .......X.............
. ......XX...........#.
........X............
.##......##......##.


You could see 4 starcursed masses and a small abomination.

Vanquished Creatures
  3 adders
  An ooze (D:2)
  2 dart slugs (D:2)
  4 orcs (D:3)
  3 giant cockroaches
  5 goblins
  3 hobgoblins
  3 kobolds
  4 bats
  A frilled lizard (D:1)
  5 rats
34 creatures vanquished.

Vanquished Creatures (others)
  3 toadstools (D:1)
3 creatures vanquished.

Grand Total: 37 creatures vanquished

Notes
Turn   | Place    | Note
-------+----------+-------------------------------------------
     0 | D:1      | wont the Deep Dwarf Fighter began the quest for the Orb.
     0 | D:1      | Reached XP level 1. HP: 20/20 MP: 1/1
   192 | D:1      | Reached XP level 2. HP: 25/27 MP: 2/2
   291 | D:2      | Reached XP level 3. HP: 27/34 MP: 3/3
   424 | D:2      | Found a stormy altar of Qazlal.
   435 | D:2      | Found a sparkling altar of Nemelex Xobeh.
   440 | D:2      | Found a burning altar of Makhleb.
   448 | D:2      | Became a worshipper of Makhleb the Destroyer
   509 | D:3      | Reached XP level 4. HP: 28/42 MP: 4/4
   515 | D:3      | Cast into level 1 of the Abyss (orc)
   573 | Abyss:1  | Noticed a large abomination
   580 | Abyss:1  | Noticed a small abomination
   608 | Abyss:1  | Noticed a starcursed mass
   612 | Abyss:1  | Killed from afar by a starcursed mass

Skill      XL: |  1  2 |
---------------+-------+-----
Fighting       | 3 |  3.2
Axes           | 3 |  3.7
Armour         | |  3.8
Dodging        | |  0.3
Shields        | |  3.3

Action                   |  1- 3 |  4- 6 || total
-------------------------+-------+-------++-------
Melee: War axe           |    91 |     6 ||    97
Armor: Scale mail        |    60 |     7 ||    67
Dodge: Dodged            |    31 |     5 ||    36
Block: Shield            |    65 |     6 ||    71
